General information
- name: BNet
- type: Ladder team game (AT/RT)
- host: Battle.net
- saver: IB-PROPHEN
map: GolemsInTheMist
- players: 8
- length: 54:47
- speed: Fast
- version: 1.28 W3XP
- replay type: Public
» download(382 KB)
Players
team 1 (loser)
sssslamCCCCITY (
pink | 47 APM | 2552 actions | 53:49)
9 Blademaster
3 Wind Walk
3 Critical Strike
1 Bladestorm
2 Mirror Image
» actions
| Assign group hotkey | 88 | |
| Basic commands | 316 | |
| Build / train | 95 | |
| Enter build submenu | 62 | |
| Enter hero's abilities submenu | 9 | |
| Give item / drop item | 2 | |
| Right click | 971 | |
| Select / deselect | 492 | |
| Select group hotkey | 362 | |
| Use ability | 155 | |
2552 total
» units
| Peon | 11 | |
| Grunt | 4 | |
| Goblin Shredder | 3 | |
| Troll Batrider | 12 | |
| Goblin Sapper | 12 | |
| Wind Rider | 6 | |
| Goblin Zeppelin | 2 | |
| Demolisher | 4 | |
54 total
» upgrades
| Armor | 3 | |
| Reinforced Defenses | 1 | |
| Liquid Fire | 1 | |
| Ranged Weapons | 3 | |
| Envenomed Spears | 1 | |
| Spiked Barricades | 3 | |
| Pillage | 1 | |
| Burning Oil | 1 | |
14 total
» buildings
| Orc Burrow | 8 | |
| Altar of Storms | 1 | |
| Barracks | 1 | |
| Voodoo Lounge | 3 | |
| Stronghold | 1 | |
| War Mill | 2 | |
| Watch Tower | 34 | |
| Great Hall | 3 | |
| Fortress | 1 | |
| Beastiary | 11 | |
65 total
» build order
00:16 Orc Burrow
00:56 Orc Burrow
01:05 Altar of Storms
01:06 Barracks
01:38 Voodoo Lounge
02:50 Stronghold
03:55 Orc Burrow
04:17 War Mill
04:52 Orc Burrow
06:00 Watch Tower
06:02 Watch Tower
06:03 Watch Tower
06:13 Watch Tower
06:15 Watch Tower
06:22 Great Hall
06:57 Fortress
07:52 Beastiary
07:52 Beastiary
07:55 Beastiary
07:58 Beastiary
08:16 Watch Tower
09:06 Watch Tower
09:07 Watch Tower
09:08 Watch Tower
09:18 Watch Tower
12:35 War Mill
13:53 Great Hall
13:57 Watch Tower
13:57 Watch Tower
13:58 Watch Tower
13:58 Watch Tower
14:07 Watch Tower
14:07 Watch Tower
14:08 Watch Tower
14:08 Watch Tower
14:17 Voodoo Lounge
15:09 Watch Tower
15:09 Watch Tower
15:10 Watch Tower
17:00 Watch Tower
17:00 Watch Tower
17:03 Watch Tower
17:03 Watch Tower
17:04 Watch Tower
17:07 Watch Tower
17:08 Watch Tower
17:09 Watch Tower
17:09 Watch Tower
17:11 Watch Tower
24:53 Orc Burrow
24:57 Orc Burrow
25:52 Beastiary
25:56 Beastiary
26:00 Beastiary
26:03 Beastiary
26:05 Beastiary
26:07 Beastiary
26:15 Beastiary
26:36 Orc Burrow
27:37 Orc Burrow
32:40 Great Hall
32:42 Voodoo Lounge
32:43 Watch Tower
32:43 Watch Tower
32:44 Watch Tower
» items
| Healing Salve | 3 | |
| Lesser Clarity Potion | 2 | |
| Potion of Mana | 3 | |
| Orb of Lightning | 1 | |
| Potion of Healing | 2 | |
| Tiny Great Hall | 1 | |
| Scroll of Town Portal | 2 | |
| Staff of Sanctuary | 1 | |
15 total

»
burrgy (
blue | 100 APM | 3255 actions | 32:23)
5 Mountain King
3 Storm Bolt
2 Bash
5 Paladin
3 Holy Light
1 Divine Shield
1 Devotion Aura
» actions
| Assign group hotkey | 20 | |
| Basic commands | 17 | |
| Build / train | 78 | |
| ESC pressed | 2 | |
| Enter build submenu | 36 | |
| Enter hero's abilities submenu | 10 | |
| Give item / drop item | 1 | |
| Right click | 2211 | |
| Select / deselect | 514 | |
| Select group hotkey | 281 | |
| Use ability | 85 | |
3255 total
» units
| Peasant | 10 | |
| Footman | 2 | |
| Rifleman | 6 | |
| Goblin Shredder | 1 | |
| Flying Machine | 11 | |
| Siege Engine | 3 | |
33 total
» upgrades
| Gunpowder | 3 | |
| Armor | 3 | |
| Masonry | 3 | |
| Lumber Harvesting | 1 | |
| Flying Machine Bombs | 1 | |
| Flak Cannons | 1 | |
| Long Rifles | 1 | |
| Barrage | 1 | |
| Magic Sentry | 1 | |
| Plating | 2 | |
17 total
» buildings
| Farm | 12 | |
| Altar of Kings | 1 | |
| Barracks | 1 | |
| Arcane Vault | 1 | |
| Scout Tower | 12 | |
| Lumber Mill | 1 | |
| Blacksmith | 1 | |
| Arcane Tower | 4 | |
| Keep | 1 | |
| Castle | 1 | |
| Town Hall | 2 | |
| Guard Tower | 6 | |
| Workshop | 4 | |
| Arcane Sanctum | 1 | |
48 total
» build order
00:09 Farm
00:13 Altar of Kings
00:32 Barracks
00:46 Farm
01:38 Arcane Vault
02:13 Farm
02:18 Scout Tower
02:40 Lumber Mill
02:43 Blacksmith
03:19 Arcane Tower
04:22 Keep
05:22 Farm
05:23 Farm
06:10 Farm
06:11 Farm
07:17 Castle
07:35 Farm
08:05 Scout Tower
08:08 Scout Tower
08:39 Town Hall
08:51 Guard Tower
08:54 Arcane Tower
09:52 Workshop
09:54 Workshop
10:58 Workshop
11:04 Workshop
13:36 Scout Tower
13:38 Scout Tower
14:10 Arcane Tower
14:26 Arcane Sanctum
14:36 Scout Tower
14:37 Guard Tower
15:12 Farm
15:13 Farm
15:14 Farm
15:14 Farm
15:22 Guard Tower
20:18 Scout Tower
20:19 Scout Tower
20:37 Scout Tower
20:38 Scout Tower
20:40 Scout Tower
20:41 Scout Tower
21:20 Guard Tower
21:23 Guard Tower
22:35 Guard Tower
22:36 Arcane Tower
25:34 Town Hall
» items
| Scroll of Regeneration | 2 | |
| Orb of Fire | 1 | |
| Scroll of Town Portal | 1 | |
4 total
MexicanPower (
red | 15 APM | 797 actions | 53:49)
5 Mountain King
2 Bash
2 Storm Bolt
1 Thunder Clap
5 Paladin
2 Holy Light
3 Divine Shield
» actions
| Basic commands | 7 | |
| Build / train | 112 | |
| Enter build submenu | 33 | |
| Enter hero's abilities submenu | 10 | |
| Right click | 319 | |
| Select / deselect | 245 | |
| Use ability | 71 | |
797 total
» units
| Peasant | 17 | |
| Footman | 11 | |
| Priest | 5 | |
| Sorceress | 4 | |
| Rifleman | 13 | |
| Flying Machine | 13 | |
| Mortar Team | 5 | |
| Goblin Shredder | 1 | |
| Siege Engine | 2 | |
| Knight | 2 | |
73 total
» upgrades
| Long Rifles | 1 | |
| Flying Machine Bombs | 1 | |
| Barrage | 1 | |
| Flak Cannons | 1 | |
| Armor | 1 | |
| Gunpowder | 1 | |
6 total
» buildings
| Farm | 11 | |
| Altar of Kings | 1 | |
| Barracks | 2 | |
| Arcane Vault | 1 | |
| Scout Tower | 12 | |
| Arcane Tower | 1 | |
| Lumber Mill | 1 | |
| Keep | 1 | |
| Blacksmith | 1 | |
| Arcane Sanctum | 1 | |
| Town Hall | 1 | |
| Guard Tower | 4 | |
| Castle | 1 | |
| Workshop | 2 | |
40 total
» build order
00:57 Farm
01:02 Altar of Kings
01:16 Barracks
01:27 Arcane Vault
01:37 Farm
02:44 Farm
02:51 Scout Tower
03:20 Arcane Tower
03:32 Farm
04:30 Lumber Mill
04:58 Keep
05:25 Farm
06:51 Blacksmith
07:18 Farm
08:04 Arcane Sanctum
08:38 Town Hall
09:25 Scout Tower
09:29 Scout Tower
09:34 Scout Tower
09:39 Scout Tower
10:15 Guard Tower
10:18 Guard Tower
10:45 Scout Tower
10:54 Farm
11:30 Guard Tower
11:35 Scout Tower
13:31 Guard Tower
13:34 Castle
14:11 Workshop
14:19 Workshop
15:04 Barracks
15:14 Farm
15:50 Farm
16:51 Farm
17:04 Farm
21:37 Scout Tower
21:40 Scout Tower
21:45 Scout Tower
21:48 Scout Tower
21:53 Scout Tower
» items
| Scroll of Regeneration | 5 | |
| Lesser Clarity Potion | 3 | |
| Mechanical Critter | 1 | |
| Potion of Healing | 2 | |
| Orb of Fire | 2 | |
| Scroll of Town Portal | 1 | |
14 total

»
DYBALA (
purple | 24 APM | 981 actions | 40:55)
7 Blademaster
3 Wind Walk
3 Critical Strike
1 Bladestorm
» actions
| Assign group hotkey | 16 | |
| Basic commands | 4 | |
| Build / train | 86 | |
| Enter build submenu | 45 | |
| Enter hero's abilities submenu | 7 | |
| Give item / drop item | 1 | |
| Right click | 235 | |
| Select / deselect | 290 | |
| Select group hotkey | 186 | |
| Use ability | 111 | |
981 total
» units
| Peon | 22 | |
| Grunt | 7 | |
| Goblin Zeppelin | 1 | |
| Tauren | 7 | |
| Shaman | 8 | |
| Troll Witch Doctor | 7 | |
52 total
» upgrades
| Melee Weapons | 2 | |
| Armor | 2 | |
| Shaman Training | 2 | |
| Witch Doctor Training | 2 | |
| Spirit Walker Training | 1 | |
| Spiked Barricades | 1 | |
| Pulverize | 1 | |
| Reinforced Defenses | 1 | |
12 total
» buildings
| Orc Burrow | 8 | |
| Altar of Storms | 1 | |
| Barracks | 1 | |
| War Mill | 1 | |
| Stronghold | 1 | |
| Voodoo Lounge | 1 | |
| Watch Tower | 24 | |
| Fortress | 1 | |
| Spirit Lodge | 2 | |
| Great Hall | 1 | |
| Tauren Totem | 3 | |
| Beastiary | 2 | |
46 total
» build order
00:23 Orc Burrow
00:37 Altar of Storms
00:53 Barracks
01:17 War Mill
01:45 Orc Burrow
03:00 Orc Burrow
04:49 Stronghold
05:12 Orc Burrow
06:14 Orc Burrow
06:55 Voodoo Lounge
08:41 Orc Burrow
08:45 Watch Tower
09:27 Watch Tower
09:35 Fortress
09:40 Spirit Lodge
10:18 Watch Tower
11:04 Great Hall
11:13 Watch Tower
11:20 Watch Tower
11:40 Watch Tower
13:34 Tauren Totem
13:37 Tauren Totem
13:43 Tauren Totem
13:46 Orc Burrow
13:56 Watch Tower
14:32 Spirit Lodge
15:08 Watch Tower
15:28 Orc Burrow
15:37 Watch Tower
15:49 Watch Tower
15:57 Watch Tower
17:42 Watch Tower
19:39 Watch Tower
19:46 Watch Tower
20:30 Watch Tower
20:47 Beastiary
21:20 Beastiary
23:30 Watch Tower
23:36 Watch Tower
36:12 Watch Tower
36:16 Watch Tower
36:19 Watch Tower
36:22 Watch Tower
36:28 Watch Tower
36:35 Watch Tower
37:45 Watch Tower
» items
| Healing Salve | 2 | |
| Scroll of Town Portal | 5 | |
| Potion of Mana | 1 | |
| Tiny Great Hall | 1 | |
| Lesser Clarity Potion | 1 | |
| Orb of Lightning | 2 | |
12 total
team 2 (winner)
IB-PROPHEN (
green | 56 APM | 3082 actions | 54:47)
8 Blademaster
3 Wind Walk
3 Critical Strike
1 Bladestorm
1 Mirror Image
» actions
| Assign group hotkey | 36 | |
| Basic commands | 141 | |
| Build / train | 88 | |
| Enter build submenu | 40 | |
| Enter hero's abilities submenu | 8 | |
| Give item / drop item | 3 | |
| Remove unit from queue | 2 | |
| Right click | 1322 | |
| Select / deselect | 505 | |
| Select group hotkey | 593 | |
| Use ability | 344 | |
3082 total
» units
| Peon | 13 | |
| Goblin Shredder | 3 | |
| Wind Rider | 4 | |
| Goblin Zeppelin | 3 | |
| Troll Batrider | 6 | |
| Raider | 6 | |
| Goblin Sapper | 5 | |
| Demolisher | 4 | |
44 total
» upgrades
| Ranged Weapons | 2 | |
| Reinforced Defenses | 1 | |
| Liquid Fire | 1 | |
| Ensnare | 1 | |
| Armor | 2 | |
| Melee Weapons | 2 | |
| Pillage | 1 | |
| Burning Oil | 1 | |
11 total
» buildings
| Altar of Storms | 1 | |
| Orc Burrow | 7 | |
| Voodoo Lounge | 1 | |
| War Mill | 2 | |
| Stronghold | 2 | |
| Watch Tower | 43 | |
| Fortress | 2 | |
| Beastiary | 3 | |
| Great Hall | 1 | |
| Barracks | 2 | |
64 total
» build order
00:06 Altar of Storms
00:19 Orc Burrow
00:52 Voodoo Lounge
01:14 War Mill
02:27 Stronghold
02:27 Stronghold
02:41 Watch Tower
03:51 Watch Tower
04:07 Orc Burrow
04:14 Watch Tower
04:18 Watch Tower
05:40 Fortress
05:40 Fortress
05:51 Beastiary
06:06 Beastiary
06:12 Orc Burrow
06:17 Orc Burrow
06:59 Watch Tower
10:50 Watch Tower
10:50 Watch Tower
10:51 Watch Tower
10:52 Watch Tower
10:53 Watch Tower
10:56 Watch Tower
11:10 Watch Tower
11:13 Watch Tower
13:29 Beastiary
14:48 Orc Burrow
14:51 Orc Burrow
14:53 Watch Tower
14:55 Watch Tower
14:56 Watch Tower
15:45 Watch Tower
15:53 Watch Tower
16:38 Watch Tower
16:38 Watch Tower
16:38 Watch Tower
16:39 Watch Tower
16:40 Watch Tower
21:56 Watch Tower
21:57 Watch Tower
21:58 Watch Tower
22:51 Watch Tower
23:07 Watch Tower
23:10 Watch Tower
24:37 Watch Tower
24:37 Watch Tower
24:38 Watch Tower
24:39 Watch Tower
25:03 Watch Tower
25:03 Watch Tower
25:07 Watch Tower
25:07 Watch Tower
25:08 Watch Tower
26:07 Watch Tower
26:08 Watch Tower
26:18 Watch Tower
26:18 Watch Tower
26:38 Watch Tower
27:37 Orc Burrow
35:27 Great Hall
36:03 Barracks
36:07 Barracks
37:22 War Mill
» items
| Healing Salve | 2 | |
| Lesser Clarity Potion | 2 | |
| Tiny Great Hall | 3 | |
| Orb of Lightning | 1 | |
| Scroll of Town Portal | 1 | |
| Potion of Mana | 2 | |
| Potion of Healing | 4 | |
15 total
raiders129980 (
orange | 15 APM | 383 actions | 24:53)
4 Death Knight
2 Death Coil
2 Unholy Aura
» actions
| Build / train | 38 | |
| Enter build submenu | 17 | |
| Enter hero's abilities submenu | 4 | |
| Right click | 162 | |
| Select / deselect | 140 | |
| Use ability | 22 | |
383 total
» units
| Acolyte | 7 | |
| Ghoul | 5 | |
| Crypt Fiend | 12 | |
| Frost Wyrm | 2 | |
26 total
» upgrades
| Creature Attack | 2 | |
| Web | 1 | |
| Creature Carapace | 2 | |
5 total
» buildings
| Altar of Darkness | 1 | |
| Crypt | 2 | |
| Ziggurat | 7 | |
| Graveyard | 1 | |
| Halls of the Dead | 1 | |
| Black Citadel | 1 | |
| Sacrificial Pit | 1 | |
| Boneyard | 1 | |
15 total
» build order
00:11 Altar of Darkness
00:15 Crypt
00:19 Ziggurat
01:39 Ziggurat
02:56 Graveyard
03:06 Halls of the Dead
05:27 Ziggurat
05:29 Black Citadel
05:45 Sacrificial Pit
06:15 Crypt
08:04 Ziggurat
08:08 Ziggurat
08:29 Boneyard
10:54 Ziggurat
11:09 Ziggurat

»
WVUxWinning (
yellow | 22 APM | 537 actions | 24:41)
6 Far Seer
3 Feral Spirit
1 Chain Lighting
1 Far Sight
1 Earth Quake
» actions
| Build / train | 40 | |
| Enter build submenu | 14 | |
| Enter hero's abilities submenu | 6 | |
| Remove unit from queue | 1 | |
| Right click | 275 | |
| Select / deselect | 164 | |
| Use ability | 37 | |
537 total
» units
» upgrades
| Armor | 2 | |
| Ranged Weapons | 1 | |
| Envenomed Spears | 1 | |
4 total
» buildings
| Orc Burrow | 7 | |
| Altar of Storms | 1 | |
| Barracks | 1 | |
| War Mill | 1 | |
| Voodoo Lounge | 1 | |
| Stronghold | 1 | |
| Fortress | 1 | |
| Beastiary | 2 | |
15 total
» build order
00:09 Orc Burrow
00:34 Altar of Storms
01:13 Barracks
01:43 Orc Burrow
02:23 War Mill
02:50 Orc Burrow
03:51 Voodoo Lounge
04:02 Stronghold
04:59 Orc Burrow
06:09 Orc Burrow
06:40 Fortress
07:24 Beastiary
09:23 Beastiary
10:34 Orc Burrow
15:02 Orc Burrow
» items
orcarmy (
teal | 25 APM | 1180 actions | 48:01)
5 Blademaster
1 Mirror Image
1 Wind Walk
3 Critical Strike
6 Tauren Chieftain
1 War Stomp
2 Endurance Aura
3 Shockwave
1 Shadow Hunter
1 Healing Wave
» actions
| Basic commands | 10 | |
| Build / train | 107 | |
| Enter build submenu | 44 | |
| Enter hero's abilities submenu | 12 | |
| Remove unit from queue | 10 | |
| Right click | 500 | |
| Select / deselect | 404 | |
| Use ability | 92 | |
1180 total
» units
| Peon | 16 | |
| Troll Headhunter/Berserker | 8 | |
| Wind Rider | 11 | |
| Shaman | 9 | |
| Troll Batrider | 1 | |
| Raider | 11 | |
| Spirit Walker | 1 | |
| Grunt | 2 | |
59 total
» upgrades
| Armor | 2 | |
| Ranged Weapons | 2 | |
| Troll Regeneration | 1 | |
| Spiked Barricades | 1 | |
| Melee Weapons | 3 | |
| Shaman Training | 2 | |
| Envenomed Spears | 1 | |
| Reinforced Defenses | 1 | |
| Berserker Upgrade | 1 | |
| Pillage | 1 | |
15 total
» buildings
| Orc Burrow | 7 | |
| War Mill | 2 | |
| Altar of Storms | 2 | |
| Barracks | 1 | |
| Stronghold | 1 | |
| Watch Tower | 15 | |
| Beastiary | 1 | |
| Voodoo Lounge | 1 | |
| Spirit Lodge | 1 | |
| Great Hall | 5 | |
| Fortress | 1 | |
37 total
» build order
00:09 Orc Burrow
00:17 War Mill
01:10 Altar of Storms
01:27 Barracks
02:00 Orc Burrow
02:37 Stronghold
03:21 Orc Burrow
04:04 Watch Tower
04:09 Watch Tower
04:37 Watch Tower
05:12 Beastiary
05:34 Voodoo Lounge
07:10 Orc Burrow
07:25 Spirit Lodge
08:16 Great Hall
09:33 Watch Tower
09:43 Watch Tower
10:57 Watch Tower
11:05 Watch Tower
11:15 Great Hall
11:51 Orc Burrow
12:14 Watch Tower
13:28 Watch Tower
13:32 Watch Tower
14:33 Fortress
14:38 Watch Tower
15:53 Orc Burrow
17:47 War Mill
20:27 Watch Tower
20:34 Watch Tower
20:42 Watch Tower
20:50 Watch Tower
21:50 Great Hall
23:05 Orc Burrow
26:00 Altar of Storms
32:23 Great Hall
36:11 Great Hall
» items
| Healing Salve | 1 | |
| Potion of Healing | 2 | |
| Scroll of Town Portal | 2 | |
| Orb of Lightning | 1 | |
6 total
Chat log
(01:53 / Allies) IB-PROPHEN: great communication, guys
(01:59 / Allies) raiders129980: thx
(02:21 / Allies) raiders129980: dk
(02:22 / All) IB-PROPHEN: raiders gonna win SB this year
(02:36 / All) sssslamCCCCITY: Pats
(02:38 / All) sssslamCCCCITY: Burkhead MVP
(02:42 / Allies) raiders129980: yeah they are for sure
(04:58 / Allies) IB-PROPHEN: come
(05:02 / Allies) IB-PROPHEN: he gone
(08:17 / All) IB-PROPHEN: god im stupid
(08:30 / All) DYBALA: ?
(08:54 / All) sssslamCCCCITY: creepjacked by 3 nice
(10:50 / Allies) orcarmy: need dust of appearance
(11:18 / Allies) IB-PROPHEN: hit mid left guys
(11:38 / Allies) IB-PROPHEN: come
(11:40 / Allies) IB-PROPHEN: meet
(11:51 / Allies) IB-PROPHEN: teal
(11:59 / Allies) IB-PROPHEN: teal literlaly
(12:03 / Allies) IB-PROPHEN: does everything id ont want him to
(12:09 / All) sssslamCCCCITY: rape
(13:44 / Allies) IB-PROPHEN: we have to hit agian
(13:44 / Allies) raiders129980: gold please
(13:46 / Allies) IB-PROPHEN: or we lose
(14:03 / Allies) orcarmy: wood
(14:15 / Allies) orcarmy: ty
(14:16 / Allies) IB-PROPHEN: no tping away we hav eto hit blue expo
(14:21 / Allies) IB-PROPHEN: when oj hero back we go
(14:54 / 4) sssslamCCCCITY: taking top mid, my whisper didn't go thru
(14:59 / 4) sssslamCCCCITY: sent too many at a time I guess
(15:14 / Allies) raiders129980: ty
(15:22 / 4) sssslamCCCCITY: my team all have expos
(15:33 / 4) sssslamCCCCITY: the humans each have workships
(15:35 / 4) sssslamCCCCITY: workshops
(15:43 / 4) sssslamCCCCITY: blue expo
(15:57 / 4) sssslamCCCCITY: his main is easy if you want to circumnavigate bottom
(16:17 / 4) sssslamCCCCITY: free path for sapper to help take out his main
(17:02 / Allies) IB-PROPHEN: tp to teal oj
(17:06 / Allies) IB-PROPHEN: ill giv eu gold for extra tp
(17:07 / Allies) IB-PROPHEN: come yellow
(17:09 / Allies) IB-PROPHEN: lets hit blue expo
(17:27 / 4) sssslamCCCCITY: keep hammering bottom not top
(17:41 / 4) sssslamCCCCITY: blue mass gyro
(17:45 / 4) sssslamCCCCITY: they will make tank before long
(17:49 / 4) sssslamCCCCITY: red gyro and mortar
(18:37 / 4) sssslamCCCCITY: get some bat wtf lol
(18:45 / 4) sssslamCCCCITY: guess it didn't matter
(20:05 / Allies) IB-PROPHEN: hit red expo again
(20:20 / Allies) IB-PROPHEN: gogo hit red expo
(22:23 / Allies) IB-PROPHEN: b
(22:39 / All) sssslamCCCCITY: orange this is what's going to happen to the raiders this season
(22:40 / Allies) IB-PROPHEN: protect
(22:48 / All) DYBALA: lol
(22:54 / All) raiders129980: :(
(23:28 / Allies) IB-PROPHEN: stay
(23:29 / Allies) IB-PROPHEN: by expo
(24:10 / 4) sssslamCCCCITY: yall need pults
(24:35 / All) DYBALA: g
(24:37 / All) DYBALA: g
(24:49 / All) IB-PROPHEN: what a bunch of wuss teammates
(24:57 / Allies) orcarmy: stay
(24:59 / Allies) orcarmy: we will win
(27:05 / 4) sssslamCCCCITY: purp bm teal base
(27:45 / 4) sssslamCCCCITY: they're making path to ur top island
(28:15 / All) DYBALA: lol
(28:21 / 4) sssslamCCCCITY: reds main is mostly dead if you want to finish it
(28:41 / 4) sssslamCCCCITY: move ur raider so sapper can get thru
(29:10 / All) sssslamCCCCITY: My wood count
(29:14 / All) sssslamCCCCITY: 14/88
(29:27 / Allies) orcarmy: need to hit pink ecxpo
(29:33 / 4) sssslamCCCCITY: purp base is pretty easy not upgraded
(29:39 / 4) sssslamCCCCITY: YOUR BASE
(29:41 / 4) sssslamCCCCITY: YOUR BASE
(29:42 / 4) sssslamCCCCITY: YOUR BASE
(29:44 / 4) sssslamCCCCITY: TP RIGHT NOW
(29:48 / 4) sssslamCCCCITY: purple built hall
(29:55 / 4) sssslamCCCCITY: I didn't see it on mini map
(30:04 / 4) sssslamCCCCITY: omw
(30:15 / All) IB-PROPHEN: tp teal
(32:31 / Allies) orcarmy: fukkkk
(32:34 / Allies) orcarmy: howd we win
(32:37 / Allies) orcarmy: u go gold??
(33:23 / Allies) orcarmy: teal
(33:25 / Allies) orcarmy: gold ,e 100
(33:28 / Allies) orcarmy: 1000
(33:32 / Allies) orcarmy: for hero
(35:22 / Allies) orcarmy: i take
(35:49 / All) sssslamCCCCITY: you got pults?
(35:54 / All) IB-PROPHEN: raieder
(35:55 / All) sssslamCCCCITY: make a path to purple bottom island
(36:11 / All) IB-PROPHEN: k
(36:55 / Allies) orcarmy: why did u do that
(37:04 / All) DYBALA: sigh
(38:03 / Allies) orcarmy: gree what are u doing
(38:28 / All) IB-PROPHEN: i hate players like teal, doesn't listen to me all game , then becomes aware of stuff im doing
(38:43 / Allies) orcarmy: did i tp to ur base?
(39:08 / All) IB-PROPHEN: yes you tped to my base, after they killed 30 towers
(39:09 / All) sssslamCCCCITY: I am impervious to any attack my team could muster
(39:22 / Allies) orcarmy: did i not destroy blue?
(39:40 / All) IB-PROPHEN: u didnt help me creep when i asked to
(39:45 / All) sssslamCCCCITY: HE IS BEING BESET ON ALL SIDES
(39:52 / All) sssslamCCCCITY: WE WILL SALT THE EARTH OF HIS FIELDSA
(39:53 / Allies) orcarmy: because they were harrassing my base
(40:00 / Allies) orcarmy: did you not see that?
(40:02 / All) IB-PROPHEN: teal just leave im not letting u win
(40:03 / All) IB-PROPHEN: moron
(40:06 / All) sssslamCCCCITY: WE WILL TRICK HIS WOMEN OUT TO NIGGERS AND PEURTO RICANS
(40:59 / All) sssslamCCCCITY: You came to the wrong neighborhood
(41:30 / All) sssslamCCCCITY: Not my drained gold mine!
(42:22 / All) sssslamCCCCITY: tell them the 411
(42:50 / All) orcarmy: pink
(42:54 / All) orcarmy: green is a tk
(42:59 / All) sssslamCCCCITY: you don't say
(43:00 / All) orcarmy: hit bottom right'
(43:07 / All) sssslamCCCCITY: that's alright
(43:08 / All) sssslamCCCCITY: I'
(43:09 / All) orcarmy: he has all his siege there
(43:11 / All) sssslamCCCCITY: I'll kill red instead
(43:12 / All) IB-PROPHEN: he doesnt listen all game
(43:35 / All) orcarmy: when you were harassing my base he was getting upset because i didnt help him creep
(43:43 / All) orcarmy: fucking sook green hope you lose
(43:52 / All) IB-PROPHEN: leave plz nub
(43:56 / All) sssslamCCCCITY: you're brilliant teal
(43:59 / All) orcarmy: hit bottom right now
(44:05 / All) orcarmy: pink his on his own
(45:11 / All) IB-PROPHEN: homo wont give up
(45:16 / All) sssslamCCCCITY: MexicantFlower (homo)
(45:52 / All) orcarmy: pink bottom right
(46:00 / All) orcarmy: he has nothing that can attack air
(46:50 / All) IB-PROPHEN: we shoulda just found a different game i could tell this would suck
(47:10 / All) sssslamCCCCITY: A standoff is a standoff
(48:10 / All) sssslamCCCCITY: bad news red
(51:15 / All) sssslamCCCCITY: What are your thoughts on what's happening ,red
(51:46 / All) sssslamCCCCITY: Imagine that, a quiet beaner
(52:15 / All) sssslamCCCCITY: Beans beans the magic fruit
(52:19 / All) sssslamCCCCITY: the more you eat the more you toot
(52:25 / All) sssslamCCCCITY: the more you toot the better you feel
(52:31 / All) sssslamCCCCITY: the better you feel the more you ... eat?
(53:22 / All) sssslamCCCCITY: He's not saying a word